 Dungeon Crawl Stone Soup version 0.30-a0-329-g85436e0a43 (webtiles) character file.

Game seed: 7304963254973252530

4125 MTVSty1e the Cleaver (level 10, -1/85 (94) HPs)
             Began as a Minotaur Fighter on Oct 28, 2022.
             Slain by a wight
             ... wielding a +4 mace
              (7 damage)
             ... on level 8 of the Dungeon.
             The game lasted 00:10:09 (8755 turns).

MTVSty1e the Cleaver (Minotaur Fighter)             Turns: 8755, Time: 00:10:10

HP:   -1/85 (94)    AC: 11    Str: 32    XL:     10   Next: 6%
MP:   9/9           EV:  7    Int:  5    God:
Gold: 277           SH: 10    Dex: 10    Spells: 9/9 levels left

rFire   . . .      SeeInvis +    a - +0 war axe (vorpal)
rCold   . . .      Faith    .    c - +1 buckler
rNeg    + . .      Spirit   .    y - +0 plate armour
rPois   +          Reflect  +    (helmet restricted)
rElec   .          Harm     .    (no cloak)
rCorr   .          Rampage  .    (no gloves)
Will    .....                    (no boots)
Stlth   ..........               r - amulet of the Hurting Gods {Reflect rN+ Str+7 SH+5}
HPRegen 0.34/turn                e - ring of see invisible
MPRegen 0.11/turn                x - ring of poison resistance

@: about to teleport, marked, drained
A: horns 2, retaliatory headbutt
a: no special abilities


You were on level 8 of the Dungeon.
You visited 2 branches of the dungeon, and saw 9 of its levels.

You collected 300 gold pieces.
You spent 23 gold pieces at shops.

Inventory:

Hand Weapons
 a - a +0 vorpal war axe (weapon)
Armour
 b - a +0 scale mail
 c - a +1 buckler (worn)
 y - a +0 plate armour (worn)
Jewellery
 e - a ring of see invisible (left hand)
 r - the amulet of the Hurting Gods (around neck) {Reflect rN+ Str+7 SH+5}
   (You found it on level 6 of the Dungeon)

   [amulet of reflection]

   It reflects blocked missile attacks.
   Str:       It affects your strength (+7).
   rN:        It protects you from negative energy.
   SH:        It affects your SH (+5).
 x - a ring of poison resistance (right hand)
Wands
 s - a wand of flame (3)
 v - a wand of paralysis (7)
Scrolls
 f - 3 scrolls of fear
 l - 3 scrolls of teleportation
 p - a scroll of identify
 u - 3 scrolls of blinking
 w - a scroll of magic mapping {unknown}
 A - a scroll of enchant armour
Potions
 d - a potion of brilliance {unknown}
 g - 3 potions of heal wounds {unknown}
 h - 3 potions of haste {unknown}
 i - 3 potions of invisibility {unknown}
 j - a potion of lignification {unknown}
 k - 2 potions of mutation {unknown}
 m - 5 potions of curing
 n - 2 potions of attraction {unknown}
 o - 3 potions of might
 q - a potion of flight {unknown}
 t - 2 potions of resistance {unknown}
 z - 3 potions of degeneration {unknown}


   Skills:
 + Level 10.7 Fighting
 * Level 14.2 Axes
 - Level 3.6 Armour
 - Level 3.6 Shields


You had 9 spell levels left.
You didn't know any spells.
Your spell library contained the following spells:

 Spells                   Type           Power      Damage    Failure   Level
 Kiss of Death            Conj/Necr      0%         2d5       99%         1
 Shock                    Conj/Air       0%         1d3       99%         1
 Slow                     Hex            0%         N/A       99%         1
 Summon Small Mammal      Summ           0%         N/A       99%         1
 Scorch                   Fire           0%         2d5       100%        2
 Call Canine Familiar     Summ           0%         N/A       100%        3
 Confusing Touch          Hex            0%         N/A       100%        3
 Gell's Gravitas          Tloc           0%         N/A       100%        3
 Inner Flame              Hex/Fire       0%         N/A       100%        3
 Kindle Blastsparks       Fire/Tloc/Air  0%         2d10      100%        3
 Lesser Beckoning         Tloc           0%         N/A       100%        3
 Ozocubu's Armour         Ice            0%         N/A       100%        3
 Stone Arrow              Conj/Erth      0%         3d7       100%        3
 Summon Guardian Golem    Hex/Summ       0%         N/A       100%        3
 Swiftness                Air            0%         N/A       100%        3
 Teleport Other           Tloc           0%         N/A       100%        3
 Vampiric Draining        Necr           0%         2d6       100%        3
 Vhi's Electric Charge    Tloc/Air       0%         N/A       100%        3
 Airstrike                Air            0%         2d(0-16)  100%        4
 Animate Armour           Summ/Erth      0%         N/A       100%        4
 Dispel Undead            Necr           0%         3d6       100%        4
 Flame Wave               Conj/Fire      0%         2d4       100%        4
 Sticky Flame             Conj/Fire      0%         2d3       100%        4
 Arcjolt                  Conj/Air       0%         1d10      100%        5
 Lightning Bolt           Conj/Air       0%         1d11      100%        5
 Summon Cactus Giant      Summ           0%         N/A       100%        6
 Ozocubu's Refrigeration  Ice            0%         4d7       100%        7
 Lehudib's Crystal Spear  Conj/Erth      0%         10d2      100%        8
 Maxwell's Capacitive Co  Air            0%         ∞         100%        8
 Chain Lightning          Conj/Air       0%         N/A       100%        9


Dungeon Overview and Level Annotations

Branches:
Dungeon (8/15)             Temple (1/1) D:7
   Lair: D:8-11

Altars:
Cheibriados
Dithmenos
Elyvilon
Fedhas
Gozag
Nemelex Xobeh
Qazlal
Ru
Sif Muna
Trog
Uskayaw
Vehumet
Wu Jian
Xom
Yredelemnul
Zin
The Shining One

Shops:
D:5 *

Annotations:
D:7 2 transporters, Gonzollydolly's ghost, novice MeWn


Innate Abilities, Weirdness & Mutations

You have a pair of horns on your head.
You reflexively headbutt those who attack you in melee.


Message History

You are too injured to fight recklessly!
You are too injured to fight recklessly!
You are too injured to fight recklessly!
You are too injured to fight recklessly!
You are too injured to fight recklessly!
You are too injured to fight recklessly!
You are too injured to fight recklessly!
You are too injured to fight recklessly!
You are too injured to fight recklessly!
You are too injured to fight recklessly!
You are too injured to fight recklessly!
You are too injured to fight recklessly!
You are too injured to fight recklessly!
You are too injured to fight recklessly!
You are too injured to fight recklessly!
Unknown command.
You are too injured to fight recklessly!
A wight comes into view. It is wielding a +4 mace.
You block the wight's attack. The wight attacks as you move away!
The wight hits you with a +0 dire flail.
A boulder beetle comes into view.
As you read the scroll of teleportation, it crumbles to dust.
You feel strangely unstable.
The boulder beetle leaps!
You block the wight's attack. The wight closely misses you.
The wight barely misses you. The wight hits you but does no damage.
The boulder beetle leaps!
The wight hits you with a +4 mace!
* * * LOW HITPOINT WARNING * * *
You partially resist.
You feel drained.
* * * LOW HITPOINT WARNING * * *
The wight hits you from afar with a +0 halberd!
* * * LOW HITPOINT WARNING * * *
You partially resist.
You feel drained.
* * * LOW HITPOINT WARNING * * *
The wight hits you from afar with a +4 trident.
* * * LOW HITPOINT WARNING * * *
You partially resist.
You feel drained.
* * * LOW HITPOINT WARNING * * *
The wight attacks as you move away! The wight hits you with a +4 mace!
You die...

#.. #...# #.....
##.########...# #.....
#.....#.....#####.....
#####.. #.........†.......
..B...°####.###########.##
#......#†# #.## #..#.zz.o#
#... ##..#z#z##○..# ####
#......@# ...# #.......#
...# #........ ...+
#.......##...# #######.#
.... #.# #.# #.#


You could see 4 wights.

Vanquished Creatures
  A wraith (D:8)
  6 yaks (D:8)
  2 orc warriors
  3 sky beasts (D:7)
  An ogre (D:5)
  4 kobold brigands
  2 gnoll sergeants
  Blork the orc (D:4)
  3 scorpions
  3 bullfrogs
  4 wights (D:8)
  6 killer bees (D:8)
  3 electric eels (D:3)
  3 howler monkeys (D:7)
  2 hounds
  A gnoll bouda (D:4)
  4 orc priests
  2 jellies
  3 iguanas
  11 orc wizards
  Robin (D:3)
  10 adders
  11 gnolls
  2 shadow imps
  2 white imps
  An ufetubus (D:7)
  A worm (D:4)
  2 dart slugs
  26 orcs
  4 bats
  5 endoplasms
  2 giant cockroaches (D:1)
  14 goblins
  4 hobgoblins
  8 jackals
  28 kobolds
  6 quokkas
  7 ball pythons
  4 frilled lizards
  8 rats
211 creatures vanquished.

Vanquished Creatures (others)
  2 plants (D:3)
2 creatures vanquished.

Grand Total: 213 creatures vanquished

Notes
Turn   | Place    | Note
-------+----------+-------------------------------------------
     0 | D:1      | MTVSty1e the Minotaur Fighter began the quest for the Orb.
     0 | D:1      | Reached XP level 1. HP: 19/19 MP: 0/0
   154 | D:1      | Reached skill level 3 in Axes
   164 | D:1      | Reached XP level 2. HP: 23/27 MP: 1/1
   700 | D:1      | Reached XP level 3. HP: 33/33 MP: 2/2
   900 | D:2      | Reached skill level 4 in Axes
  1144 | D:2      | Found a shimmering altar of Xom.
  1361 | D:3      | Noticed Robin
  1372 | D:3      | Reached XP level 4. HP: 15/41 MP: 3/3
  1375 | D:3      | Killed Robin
  1377 | D:3      | Reached skill level 5 in Axes
  1525 | D:3      | Got Sif Muna's Essays on the Nimbus
  1619 | D:3      | Found a transporter.
  1801 | D:3      | Found a transporter.
  2102 | D:3      | Found a faded altar of an unknown god.
  2386 | D:3      | Reached skill level 5 in Fighting
  2386 | D:3      | Reached XP level 5. HP: 25/48 MP: 4/4
  2514 | D:3      | Reached skill level 6 in Axes
  2713 | D:4      | Reached XP level 6. HP: 56/56 MP: 5/5
  3477 | D:4      | Reached skill level 7 in Axes
  3625 | D:4      | Reached XP level 7. HP: 61/63 MP: 6/6
  3690 | D:4      | Noticed Blork the orc
  3695 | D:4      | Killed Blork the orc
  3752 | D:4      | Reached skill level 8 in Axes
  4282 | D:5      | Entered Level 5 of the Dungeon
  4716 | D:5      | Found Quanaf's Assorted Antiques.
  5094 | D:5      | Reached skill level 9 in Axes
  5151 | D:5      | Bought a scroll labelled LOEM LIXUCKUCH for 23 gold pieces
  5188 | D:5      | Found a blossoming altar of Fedhas.
  5366 | D:6      | Identified the amulet of the Hurting Gods {Reflect rN+
                  | Str+7 SH+5}
  5404 | D:6      | Reached XP level 8. HP: 73/73 MP: 7/7
  5649 | D:6      | Reached skill level 10 in Axes
  5906 | D:6      | Found a sacrificial altar of Ru.
  6442 | D:7      | Reached skill level 11 in Axes
  6834 | D:7      | Reached XP level 9. HP: 77/82 MP: 8/8
  6968 | D:7      | Found a staircase to the Ecumenical Temple.
  6995 | Temple   | Entered the Ecumenical Temple
  7125 | D:7      | Identified the +8 whip of Dim Light {spect, Dex+2 Stlth+}
  7196 | D:7      | Reached skill level 12 in Axes
  7241 | D:7      | Noticed a moth of wrath
  7242 | D:7      | Found a transporter.
  7244 | D:7      | Noticed Gonzollydolly's ghost (novice MeWn)
  7253 | D:7      | Found a bloodstained altar of Trog.
  7260 | D:7      | Found a transporter.
  8188 | D:8      | Reached skill level 13 in Axes
  8194 | D:8      | Reached skill level 10 in Fighting
  8580 | D:8      | Reached skill level 14 in Axes
  8583 | D:8      | Reached XP level 10. HP: 73/94 MP: 9/9
  8751 | D:8      | Noticed a boulder beetle
  8755 | D:8      | Slain by a wight

Illustrated notes

Levels and vault maps discovered:
D:1:      wander_arrival_peaceful_grave, layout_basic
D:2:      layout_basic, basic_altar, minivault_14
D:3:      gammafunk_steamed_eel, layout_loops_ring,
          ebering_ecumenical_altar_abandoned, uniq_robin
D:4:      layout_basic, grunt_ministairs_6, hex_large, grunt_decor_mini_mirrors,
          minmay_misc_feat_four_crosses, kennysheep_donut, st_stairs_8,
          uniq_blork_the_orc
D:5:      layout_basic, fedhas_ov_isle_minmay, serial_shops,
          nicolae_shop_waterfront
D:6:      nicolae_BIG_FREAKIN_CUBE, layout_loops_corners,
          overflow_temple_1_default
D:7:      layout_basic, minmay_temple_entry_glassed_door,
          gammafunk_ghost_wrathful_warriors
D:8:      layout_basic, hangedman_abyss_or_decor_jellyfish_corner,
          minmay_three_doors
Temple:   eino_temple_lava

Skill      XL: |  1  2  3  4  5  6  7  8  9 |
---------------+----------------------------+-----
Axes           | 3 4 5 6 7 9 11 14 | 14.2
Fighting       | 4 5 6 7 8 10 | 10.7
Armour         | |  3.6
Shields        | |  3.6

Action                   |  1- 3 |  4- 6 |  7- 9 | 10-12 || total
-------------------------+-------+-------+-------+-------++-------
Melee: War axe           |    72 |    88 |   261 |    34 ||   455
       Headbutt          |     8 |    17 |    41 |     2 ||    68
Evoke: Wand              |       |     7 |       |       ||     7
  Use: Potion            |     1 |       |     1 |       ||     2
       Scroll            |       |     7 |     4 |     1 ||    12
Armor: Scale mail        |    43 |    45 |    45 |       ||   133
       Plate armour      |       |       |    14 |     8 ||    22
Dodge: Dodged            |    36 |    55 |    67 |    11 ||   169
Block: Buckler           |    13 |    35 |    87 |    23 ||   158
       Reflection        |       |       |     6 |       ||     6

Table legend: (Time is in decaauts)
 A = Elapsed time spent in this place.
 B = Non-inter-level travel time spent in this place.
 C = Inter-level travel time spent in this place.
 D = Time resting spent in this place.
 E = Time spent auto-exploring this place.
 F = Levels seen in this place.
 G = Mean time per level.
                   A        B        C        D        E       F      G
               +--------+--------+--------+--------+--------+-----+--------+
         Total |   8796 |   8478 |    318 |   1873 |   5302 |   9 |  977.3 |
       Dungeon |   8728 |   8419 |    309 |   1873 |   5252 |   8 | 1091.0 |
        Temple |     67 |     58 |      9 |      0 |     50 |   1 |   67.0 |
               +--------+--------+--------+--------+--------+-----+--------+

Top non-repeatable levels by time:
     D:4: 1580 daAuts
     D:3: 1376 daAuts
     D:7: 1326 daAuts
     D:6: 1101 daAuts
     D:5: 1055 daAuts
     D:1: 913 daAuts
     D:8: 910 daAuts
     D:2: 464 daAuts
  Temple: 67 daAuts
